Cogmind - Beta 16.1 @@@ ROGUE MODE // 2026.04.25 @ 08:07:58 Player: Lyft Result: Destroyed by G-34 Mercenary with Small Laser Performance ------------- Evolutions (0) 0 Regions Visited (1) 200 Robots Destroyed (19) 95 Value Destroyed (277) 277 Prototype IDs (0) 0 Alien Tech Used (0) 0 Bonus (0) 0 TOTAL SCORE: 572 Bonus ------- None Cogmind --------- Core Integrity 0/250 Matter 300/300 Energy 100/100 System Corruption 4% Temperature Cool (6) Movement Core (100) Ox1 Location -10/Materials Parts ------- > --- POWER (1) -------- (None) > --- PROPULSION (2) --- (None) > --- UTILITY (2) ------ Small Storage Unit > --- WEAPON (2) ------- (None) > --- INVENTORY (8) ---- Light Ion Engine Light Treads Wheel Mining Laser Peak State ------------ > --- POWER ------------ Ion Engine > --- PROPULSION ------- Light Treads Compact Wheel > --- UTILITY ---------- Small Storage Unit Seismic Detector > --- WEAPON ----------- Medium Laser Assault Rifle > --- INVENTORY -------- Light Ion Engine Light Treads Wheel Light Assault Rifle Mining Laser [Rating: 7] Favorites ----------- Power Ion Engine Engine Ion Engine Propulsion Compact Wheel Treads Light Treads Leg Aluminum Leg Wheel Compact Wheel Utility Small Storage Unit Device Seismic Detector Storage Small Storage Unit Weapon Medium Laser Energy Gun Medium Laser Ballistic Gun Assault Rifle Build | -11 -10 ------- Run | Yrd Mat Slots Evolved . | . . Power . | . . Propulsion . | . . Utility . | . . Weapon . | . . Parts Attached 4 | 3 1 Power . | . . Engine . | . . Core . | . . Reactor . | . . Propulsion 2 | 2 . Treads 1 | 1 . Leg . | . . Wheel 1 | 1 . Hover . | . . Flight . | . . Utility 1 | 1 . Device 1 | 1 . Storage . | . . Processor . | . . Hackware . | . . Protection . | . . Artifact . | . . Weapon 1 | . 1 Energy Gun . | . . Energy Cannon . | . . Ballistic Gun 1 | . 1 Ballistic Cannon . | . . Launcher . | . . Special Weapon . | . . Impact Weapon . | . . Slashing Weapon . | . . Piercing Weapon . | . . Special Melee Weapon . | . . Unidentified Prototypes . | . . Parts Lost 7 | . 7 Power 1 | . 1 Propulsion 2 | . 2 Utility 1 | . 1 Weapon 3 | . 3 Highest Loss Streak 4 | . 4 To Critical Strikes . | . . Average Backups 4 | 4 4 Power 1 | 1 1 Propulsion 2 | 2 2 Utility . | . . Weapon 1 | 1 1 Tool/Special . | . . Unused Backups 2 | 1 1 Power . | . . Propulsion . | . . Utility . | . . Weapon 2 | 1 1 Tool/Special . | . . Average Slot Usage (%) 87 | . 87 Engine 9 | . 9 Treads 12 | . 12 Wheel 13 | . 13 Device 13 | . 13 Storage 14 | . 14 Energy Gun 10 | . 10 Ballistic Gun 12 | . 12 Peak Build Rating 7 | 7 7 Average Rating 6 | 6 6 On Entrance 6 | 6 7 Avg Prop Armor Cover (%) 14 | 13 14 Naked Turns . | . . Heaviest Build 15 | 15 15 Greatest Support 16 | 16 16 Greatest Overweight (x) . | . . Average Overweight (x) . | . . Largest Inventory Capacity 8 | 8 8 Average Capacity 8 | 8 8 Most Carried 6 | 6 5 Average Carried 4 | 4 4 Final Capacity 8 | 8 8 Final Carried 5 | 5 4 Class Distribution -------------------- 100% | Mutant Dominant Class ---------------- Mutant | -10/Materials Resources | -11 -10 ----------- Run | Yrd Mat Matter Collected 393 | 289 104 Remotely . | . . Salvage Created 487 | 237 250 Parts 41 | 28 13 Haulers Intercepted . | . . Recyclers Shooed 2 | . 2 Parts Field Recycled . | . . Retrieved Matter . | . . Parts Self-Destructed . | . . Prevented . | . . Parts Restored . | . . Kills | -11 -10 ------- Run | Yrd Mat Combat Hostiles Destroyed 8 | . 8 Guns 8 | . 8 Classes Destroyed 5 | 3 2 Worker 2 | 2 . Tunneler 8 | 8 . Recycler 1 | 1 . Swarmer 3 | . 3 Grunt 5 | . 5 Best Kill Streak 6 | 3 6 Combat Bots Only 6 | . 6 Max Kills in Single Turn 1 | 1 1 Gunslinging . | . . Exploded . | . . Melee . | . . Uniques/NPCs Destroyed . | . . Combat | -11 -10 -------- Run | Yrd Mat Hostile Shots Fired 110 | . 110 Missed 23 | . 23 Hits 87 | . 87 Projectile 87 | . 87 Damage Taken 925 | . 925 Core 258 | . 258 Absorbed by Shields . | . . Core Remaining (%) 100 | 100 . Volleys Fired 90 | 23 67 Largest 2 | 2 2 Hottest 70 | 70 70 Shots Fired 135 | 46 89 Gun 135 | 46 89 Cannon . | . . Launcher . | . . Special . | . . Kinetic 83 | 23 60 Thermal 52 | 23 29 Explosive . | . . Electromagnetic . | . . Robot Hit Streak 10 | 6 10 Robot Miss Streak 4 | 4 3 Penetration Max . | . . Secondary Targets . | . . Shots Hit Robots 84 | 25 59 Core Hits 30 | 11 19 Critical Kills . | . . Critical Parts Destroyed . | . . Critical Strikes 5 | 2 3 Burn 5 | 2 3 Melee Attacks . | . . Impact . | . . Slashing . | . . Piercing . | . . Sneak Attacks . | . . Combat Hostiles . | . . Follow-up Attacks . | . . Damage Inflicted 980 | 309 671 Guns 947 | 309 638 Cannons . | . . Explosions . | . . Melee . | . . Ramming 33 | . 33 Kinetic 498 | 123 375 Thermal 449 | 186 263 Explosive . | . . Electromagnetic . | . . Impact . | . . Slashing . | . . Piercing . | . . Highest Corruption 4 | . 4 Average Corruption 1 | . 1 Corruption Purged . | . . Corruption Blocked . | . . Effects 3 | . 3 Message Errors 1 | . 1 Data Loss (minor) 1 | . 1 Weapon Failures 1 | . 1 Overload Shots . | . . Overflow Damage . | . . Projectiles . | . . Explosions . | . . Melee . | . . Knockbacks . | . . Impact . | . . Kinetic . | . . Secondary . | . . Self-Inflicted Damage 12 | . 12 Shots . | . . Rammed 15 | . 15 Targets Rammed 15 | . 15 Kicked . | . . Crushed . | . . Highest Temperature 247 | 56 247 Average Temperature 67 | 21 96 Received Heat Transfer 363 | . 363 Effects 3 | . 3 Energy Bleed 1 | . 1 Interference 2 | . 2 Siege Activations . | . . Martial Activations . | . . Shielding Activations . | . . Robots Disrupted . | . . Combat Hostiles . | . . Robots Corrupted . | . . Combat Hostiles . | . . Parts Fried . | . . Impact Corruptions . | . . Robots Melted . | . . Combat Hostiles . | . . Parts Melted 4 | 2 2 Heat Transferred 1702 | 703 999 Parts Sabotaged . | . . Parts Stolen . | . . Parts Stripped . | . . Power Chain Reactions . | . . Alert | -11 -10 ------- Run | Yrd Mat Maximum Alert Level . | . . Low Security (%) 100 | 100 100 Level 1 . | . . Level 2 . | . . Level 3 . | . . Level 4 . | . . Level 5 . | . . High Security . | . . Max Security . | . . Peak Influence 141 | 15 141 Initial 3 | . 3 Average 28 | 2 44 Influence Increases 358 | 55 303 Destroy 0b10 Robot/C 160 | . 160 Destroy 0b10 Robot/NC 55 | 55 . Destroy Leader 40 | . 40 Successful Hack 12 | . 12 Select Force Hacks 60 | . 60 Destroy Structure 1 | . 1 Lose Combat Pursuer 30 | . 30 Influence Decreases 358 | 50 308 Entered New Map 2 | . 2 Time Decay 195 | 50 145 Lost Part 30 | . 30 Purge Threat 131 | . 131 Squads Dispatched 3 | . 3 Investigation 3 | . 3 Extermination . | . . Reinforcement . | . . Assault . | . . Garrison . | . . Intercept . | . . Searches Triggered . | . . Construction Impeded . | . . Haulers Reinforced . | . . Active Scanning Responses . | . . Cargo Convoy Interrupts . | . . Stealth | -11 -10 --------- Run | Yrd Mat Distress Signals 1 | . 1 Communications Jammed . | . . Distress Signals . | . . Times Spotted 18 | . 18 Peak Tracking Total 4 | . 4 Tactical Retreats 1 | . 1 Traps | -11 -10 ------- Run | Yrd Mat Traps Triggered 1 | . 1 Indirectly . | . . Trap Hack Attempts . | . . Triggered . | . . Disarmed . | . . Reprogrammed . | . . Reused . | . . Traps Extracted . | . . Installed . | . . Triggered . | . . Machines | -11 -10 ---------- Run | Yrd Mat Machines Disabled . | . . Max in Single Turn . | . . Machines Repaired . | . . Machines Dismantled . | . . Machines Sabotaged . | . . Overloaded Fab Kills . | . . Hacking | -11 -10 --------- Run | Yrd Mat Machines Accessed 5 | . 5 Terminals 3 | . 3 Fabricators . | . . Repair Stations . | . . Recycling Units 2 | . 2 Scanalyzers . | . . Garrison Access . | . . Total Hacks 13 | . 13 Successful 6 | . 6 Failed 7 | . 7 Catastrophic 1 | . 1 Database Lockouts . | . . Manual 9 | . 9 Terminals 11 | . 11 Fabricators . | . . Repair Stations . | . . Recycling Units 2 | . 2 Scanalyzers . | . . Garrison Access . | . . Terminal Hacks 2 | . 2 Unreport Threat 2 | . 2 Fabricator Hacks . | . . Repair Station Hacks . | . . Recycling Unit Hacks . | . . Scanalyzer . | . . Garrison Access Hacks . | . . Unauthorized Hacks 4 | . 4 Terminals 2 | . 2 Botnet 1 | . 1 Operators 1 | . 1 Fabricators . | . . Repair Stations . | . . Recycling Units 2 | . 2 Tunnel 2 | . 2 Scanalyzers . | . . Garrison Access . | . . Data Cores Recovered . | . . Used . | . . Hacking Detections 3 | . 3 Full Trace Events 2 | . 2 Feedback Events . | . . Feedback Blocked . | . . Robot Schematics Acquired . | . . Robots Built . | . . Authchips . | . . Time . | . . Total Robot Build Rating . | . . Part Schematics Acquired . | . . Parts Built . | . . Authchips . | . . Time . | . . Total Part Build Rating . | . . Part Studies Acquired . | . . Parts Repaired . | . . Time . | . . Parts Recycled . | . . Recycled Matter . | . . Retrieved Matter . | . . Retrieved Components . | . . Parts Scanalyzed . | . . Part Schematics Acquired . | . . Parts Damaged . | . . Bothacking | -11 -10 ------------ Run | Yrd Mat Used RIF Installer . | . . Robots Hacked . | . . Non-combat . | . . Combat . | . . Robot Hacks Applied . | . . Relay Couplers Released . | . . Fabnet Peak Effective % . | . . Robots Rewired . | . . Allies Hacked . | . . Hacks Repelled . | . . Allies | -11 -10 -------- Run | Yrd Mat Total Allies . | . . Largest Group . | . . Highest-Rated Group . | . . Highest-Rated Ally . | . . Total Orders . | . . Ally Attacks . | . . Total Damage . | . . Kills . | . . Allies Corrupted . | . . Allies Melted . | . . Intel | -11 -10 ------- Run | Yrd Mat Active Infowar (turns) 334 | 4 330 Seismic 334 | 4 330 Robot Analysis Total . | . . Derelict Logs Recovered . | . . Drone Launches . | . . Drone Recoveries . | . . Exploration | -11 -10 ------------- Run | Yrd Mat Turns Passed 570 | 222 348 Spaces Moved 160 | 46 114 Core . | . . Treads . | . . Legs . | . . Wheels 160 | 46 114 Hover . | . . Flight . | . . Fastest Speed 100 | 100 100 Average Speed 100 | 100 100 Slowest Speed 100 | 100 100 Overloaded Moves . | . . Propulsion Burnouts . | . . Robots Hopped . | . . Potential Cave-ins . | . . Cave-ins Triggered . | . . Exploration Rate (%) 14 | 4 24 Regions Visited 1 Branch Regions . Pre-discovered Areas 2 | . 2 Known Exits Taken . | . . Unknown Exits Taken 1 | 1 . Scrap Searched . | . . Spaces Dug . | . . Terrain Destroyed . | . . Melee . | . . Projectile . | . . AOE . | . . Terrain Rammed . | . . Walls Destroyed . | . . Machines Disabled . | . . Actions | -11 -10 --------- Run | Yrd Mat Total 442 | 177 265 Wait 169 | 101 68 Move 159 | 45 114 Hop . | . . Pick Up 2 | 2 . Fast Attach 1 | 1 . Attach 3 | 2 1 Detach . | . . Swap . | . . Drop 3 | 3 . Fire 90 | 23 67 Melee . | . . Ram 15 | . 15 Kick . | . . Crush . | . . Escape Stasis . | . . Rewire . | . . Trap . | . . Miscellaneous . | . . Route ------- -11/Scrapyard -10/Materials History --------- Turn | Location | Event 17 | -11/Scrapyard | Discovered new exit (range 3) 223 | -11/Scrapyard | Entered Materials 316 | -10/Materials | Build established: Mutant 513 | -10/Materials | Lost 3 parts (1p2w) 544 | -10/Materials | Core integrity fell below 50% 557 | -10/Materials | Core integrity fell below 20% 571 | -10/Materials | Destroyed by G-34 Mercenary with Small Laser Last Messages --------------- Purged threat record, alert level lowered. >>Alert(Purge) No threats on record. 00525_ ALERT: Suspicious activity at Terminal M001. Dispatching Investigation squad. 00548_ Lgt. Treads destroyed. 00551_ Com. Wheel destroyed. 00552_ Material Compactor disabled. 00553_ Seismic Detector destroyed. 00557_ Lgt. Assault Rifle destroyed. 00557_ K-01 Serf collects debris. 00558_ Slammed into G-47 Trooper. 00559_ Slammed into G-34 Mercenary. 00560_ G-47 Trooper destroyed. 00560_ Slammed into G-34 Mercenary. 00566_ K-01 Serf collects debris. 00566_ Slammed into G-34 Mercenary. 00569_ Destabilizing: System corrupted (+1). 00570_ Slammed into G-34 Mercenary. 00570_ Destabilizing: System corrupted (+2). Map ----- +----------------------------------------------------+ | ?????????????????????????????????????????????????? | | ?????????????????????????????????????????????????? | | ?????????????????????????????????????????????????? | | ?????????????????????????????????????????????????? | | ?????????????????????????????????????????????????? | | ?????????????????????????????????????????????????? | | ?????????????????????????????????????????????????? | | ?????????????????????????????????????????????????? | | ?????????????????????????????????????????????????? | | ?????????????????????????????????????????????????? | | ??????????????? ???????????????????????????????? | | ??????????????? ???????????????????????????????? | | ??????????????? ???????????????????????????????? | | ??????????????# #??????????????????????????????? | | ??????????????# #??????????????????????????????? | | ??????????????# #????????#####?????????????????? | | ??????????????# #?######## ????????????????? | | ??????????????# ### # """ #??????????????? | | ?????????????? ## """ # """ #??????????????? | | ??????????????? ?# """ # """ #??????????????? | | ??????????????? ?# """ # #??????????????? | | ??????????????? ??# %= # """ #??????????????? | | ??????????????? ??####+### """ #??????????????? | | ???????????????# #???# %% %# """ #??????????????? | | ????????########+#####=%=%*# #??????????????? | | ????????# T%g%%%%%%*@g/ " " #??????????????? | | ????????# %[#####r %%%# "Y" #??????????????? | | ????????# #???# [# """ #??????????????? | | ????????# "" #???### ### #??????????????? | | ????????# """"" #?????# ##########??????????????? | | ????????# """"" #?????# #??????????????????? | | ????????+ """"" #?????#u #??????????????????? | | ????????# """ #?????## #??????????????????? | | ????????# #??????# #########?? ????????? | | ????????#####+####??????# # " #?? ????????? | | ????????????????????????#^ # """ #?? ????????? | | ????????????????????????# + "" #?? ????????? | | ????????????????????????# # "" #?? ????????? | | ????????????????????????# # #?? ????????? | | ????????????????????????# #########?? #???????? | | ????????????????????????# ""######### #???????? | | ????????????????????????# Y"# ## #???????? | | ????????????????????????# ""# T ## #???????? | | ?????????????????????####+## ### ## #??###??? | | ?????????????????????# # #?# ## #? #??? | | ?????????????????????# """ # #?# ## #? #??? | | ?????????????????????# "T" # #?# ## # #??? | | ?????????????????????# " " # ######+#### # #??? | | ?????????????????????# # + #??? | | ?????????????????????# + # #??? | +----------------------------------------------------+ Best States ------------- Heat Dissipation 25 Energy Generation 10 Energy Capacity 250 Matter Stores 300 Matter Capacity 300 Sight Range 16 Terrain Scan Density 10 Evasion (%) 40 Recoil Reduction 1 Item Schematics ----------------- None Robot Schematics ------------------ None Fabricated ------------ Nothing Repaired ---------- Nothing Studied --------- None Alien Tech Used ----------------- None Achievements -------------- None Challenges ------------ None Game ------ Seed CombatDispersalBlasthammer Manual? 0 Play Time 00:06:24 Cumulative 92.2 hours Start 2026.04.25 @ 08:04:07 End 2026.04.25 @ 08:07:58 Sessions 1 Manual Loads 0 Difficulty Rogue Special Mode None Game No. 77 Rogue 67 Adventurer 9 Explorer 1 Win Type - Total 1 Types 1/0/0/0/0/0/0/0/0/0 Lore% 45 Gallery% 41 Achievement% 33 Wizard Run 0 Options --------- Layout 2 ASCII 0 Keyboard 0 Movement Mouse Keybinds 0 Fullscreen 1 Font 32/Terminus Map View 50x44 Zoom Use 0% Tactical HUD 1 Map Filters NONE Filters NONE Steam 1 RUN: 1c33339d-c133-43fd-af35-10c32ce74675